 Dungeon Crawl Stone Soup version 0.20.1-1-g8b1a95d (webtiles) character file.

580424 Monsterracer the Ruinous (level 26, 0/181 HPs)
             Began as a Gargoyle Earth Elementalist on Sept 10, 2017.
             Was the Champion of Ashenzari.
             Shot with a bolt by a yaktaur captain (15 damage)
             ... on level 5 of the Vaults on Sept 11, 2017.
             The game lasted 03:51:06 (89317 turns).

Monsterracer the Ruinous (GrEE)                    Turns: 89317, Time: 03:51:07

Health: 0/181      AC: 51    Str: 20    XL:     26   Next: 65%
Magic:  32/42      EV: 11    Int: 41    God:    Ashenzari [******]
Gold:   5577       SH:  0    Dex: 10    Spells: 14/55 levels left

rFire    + . .     SeeInvis +   D - +3 great mace (crush) (curse)
rCold    + . .     Gourm    .   (shield currently unavailable)
rNeg     + . .     Faith    .   m - +3 chain mail "Zeomith" {MR- Str+6 Int+8} (curse)
rPois    ∞         Spirit   .   M - +2 helmet {Int+3} (curse)
rElec    +         Reflect  .   O - +2 cloak (curse)
rCorr    +         Harm     .   h - +2 pair of gloves (curse)
MR       ++...     Clarity  +   q - +2 pair of boots (curse)
Stlth    ..........             J - necklace of Bloodlust {*Rage +Rage MR++ Int-3 Slay+6 *Curse} (curse)
Regen    0.4/turn               L - ring "Xosumpaol" {rCorr Int+7} (curse)
MPRegen  0.3/turn               U - ring of the Traitor {+Fly rC+ Slay+2}

@: flying, studying 2 skills
A: big wings, hooves 1, fire resistance 1, negative energy resistance 1,
electricity resistance, wild magic 1, unbreathing, petrification resistance, rot
immunity, AC +19
}: 4/15 runes: barnacled, slimy, silver, gossamer
a: Stop Flying, Curse Item, Scrying, Transfer Knowledge, Renounce Religion,
Evoke Berserk Rage


You were on level 5 of the Vaults.
You worshipped Ashenzari.
Ashenzari was exalted by your worship.
You were very hungry.

You visited 9 branches of the dungeon, and saw 48 of its levels.
You visited the Abyss 1 time.
You also visited: Sewer, Ice Cave and Desolation.

You collected 6470 gold pieces.
You spent 893 gold pieces at shops.

Inventory:

Hand Weapons
 D - a cursed +3 great mace of crushing (weapon)
 E - a +3 sacred scourge of holy wrath
Armour
 h - a cursed +2 pair of gloves (worn)
 m - the cursed +3 chain mail "Zeomith" (worn) {MR- Str+6 Int+8}
   (You found it on level 4 of the Vaults)

   It affects your strength (+6).
   It affects your intelligence (+8).
   It affects your resistance to hostile enchantments.
   It has a curse placed upon it.
 q - a cursed +2 pair of boots (worn)
 M - a cursed +2 helmet of intelligence (worn)
 N - a +0 buckler
 O - a cursed +2 cloak (worn)
 X - the cursed +0 cloak of the Abyss {rPois MR+}
   (You found it on level 3 of the Elven Halls)

   It protects you from poison.
   It affects your resistance to hostile enchantments.
   It has a curse placed upon it.
Jewellery
 u - an uncursed ring of protection from fire
 J - the cursed necklace of Bloodlust (around neck) {*Rage +Rage MR++ Int-3 Slay+6 *Curse}
   (You found it on level 13 of the Dungeon)

   [amulet of rage]

   It affects your intelligence (-3).
   It affects your accuracy and damage with ranged weapons and melee attacks
   (+6).
   It affects your resistance to hostile enchantments.
   It lets you go berserk.
   It may make you go berserk in combat.
   It curses itself when equipped.
   It has a curse placed upon it.
 L - the cursed ring "Xosumpaol" (left hand) {rCorr Int+7}
   (You found it on level 1 of the Elven Halls)

   [ring of resist corrosion]

   It affects your intelligence (+7).
   It has a curse placed upon it.
 P - the ring of Satyriasis {rC+ Dex+3}
   (You took it off a deep elf high priest on level 3 of the Elven Halls)

   [ring of protection from cold]

   It affects your dexterity (+3).
   It protects you from cold.
 U - the ring of the Traitor (right hand) {+Fly rC+ Slay+2}
   (You found it on level 5 of the Pits of Slime)

   [ring of flight]

   It affects your accuracy and damage with ranged weapons and melee attacks
   (+2).
   It protects you from cold.
   It lets you fly.
 V - the ring of Suspected Treachery {Wiz *Corrode rF+ rN++ Str+2 Dex+2}
   (You found it on level 1 of the Spider Nest)

   [ring of wizardry]

   It improves your spell success rate.
   It affects your strength (+2).
   It affects your dexterity (+2).
   It protects you from fire.
   It greatly protects you from negative energy.
   It may corrode you when you take damage.
Wands
 b - a wand of acid (4/15)
 x - a wand of acid (0/15)
 y - a wand of acid (6/15)
 I - a wand of digging (11/24)
Scrolls
 a - a scroll of summoning
 e - 12 scrolls of teleportation
 k - 4 scrolls of fear
 o - 3 scrolls of fog
 t - 8 scrolls of amnesia
 z - 4 scrolls of blinking
 G - 6 scrolls of remove curse
 H - 36 scrolls of identify
 K - a scroll of enchant armour
 S - 4 scrolls of recharging
 W - 3 scrolls of magic mapping
Potions
 f - 5 potions of haste
 i - 11 potions of curing
 j - 6 potions of heal wounds
 n - 4 potions of agility
 s - 7 potions of ambrosia
 v - 2 potions of cancellation
 w - 2 potions of invisibility
 A - 4 potions of might
 B - a potion of berserk rage
 C - 4 potions of brilliance
 F - a potion of magic
 Q - 2 potions of mutation
 T - 2 potions of resistance
Books
 c - a manual of Fighting
 l - a manual of Air Magic
 r - a book of Fire

   Spells                             Type                      Level
   a - Ignite Poison                  Fire/Transmutation/Poison    3
   b - Fireball                       Conjuration/Fire             5
   c - Bolt of Fire                   Conjuration/Fire             6
   d - Ring of Flames                 Charms/Fire                  7
   e - Ignition                       Fire                         8
Comestibles
 d - 16 bread rations
 g - 23 meat rations
 p - 22 royal jellies


   Skills:
 + Level 22.9 Fighting
 - Level 16.1(21.2) Maces & Flails
 - Level 11.5(17.0) Armour
 - Level 8.0 Dodging
 + Level 3.5 Stealth
 + Level 7.9 Shields
 + Level 15.4 Spellcasting
 * Level 23.4(25.5) Conjurations
 - Level 5.5(8.5) Summonings
 - Level 1.0(2.7) Translocations
 - Level 5.5(8.5) Transmutations
 + Level 10.0(12.8) Fire Magic
 - Level 3.0(5.6) Air Magic
 - Level 18.2(20.5) Earth Magic


You had 14 spell levels left.
You knew the following spells:

 Your Spells              Type           Power        Failure   Level  Hunger
a - Bolt of Fire          Conj/Fire      ########..   1%          6    None
b - Irradiate             Conj/Tmut      ########..   1%          5    None
c - Stone Arrow           Conj/Erth      ######       1%          3    None
d - Lee's Rapid Deconstr  Erth           ########..   1%          5    None
e - Passwall              Tmut/Erth      ########..   1%          2    None
f - Summon Butterflies    Summ           #######.     1%          1    None
g - Aura of Abjuration    Summ           #######...   6%          5    None
h - Shadow Creatures      Summ           N/A          28%         6    None
i - Swiftness             Chrm/Air       ######..     3%          2    None
j - Fireball              Conj/Fire      ########..   1%          5    None
z - Apportation           Tloc           ######       2%          1    None


Dungeon Overview and Level Annotations

Branches:
Dungeon (15/15)            Temple (0/1) D:6            Lair (6/6) D:11
 Shoals (4/4) Lair:2       Spider (4/4) Lair:4        Slime (5/5) Lair:5
    Orc (2/2) D:10            Elf (3/3) Orc:2        Vaults (5/5) D:13
  Crypt (0/3) Vaults:2     Depths (4/5) D:15

Altars:
Ashenzari
Dithmenos
Elyvilon
Fedhas
Gozag
Hepliaklqana
Kikubaaqudgha
Makhleb
Okawaru
Qazlal
Ru
Trog
Uskayaw
Vehumet
Xom
Yredelemnul
The Shining One
Jiyva
Lugonu

Shops:
D:4 [   D:7 }(}!   D:8 *   D:11 (   Orc:2 }*(=   Elf:1 ?   Shoals:2 !
Vaults:4 (   Depths:1 }=}

Portals:
Hell: Depths:1 Depths:2 Depths:3 Depths:4
Abyss: Depths:4
Pandemonium: Depths:1 Depths:3
Ziggurat: Depths:2
Trove: D:13 (give +3 storm dragon scales)

Annotations:
D:13 2 runed doors


Innate Abilities, Weirdness & Mutations

You are resistant to torment.
Your stone body is resilient. (AC +19)
You are immune to poison.
Your large and strong wings let you fly indefinitely.
You resist negative energy. (rN+)
You are resistant to electric shocks. (rElec)
You can survive without breathing.
You are immune to petrification.
You are immune to rotting.
You have large cloven feet.
Your flesh is heat resistant. (rF+)
Your spells are a little harder to cast, but a little more powerful.


Message History

The yaktaur captain shoots a bolt.
The bolt hits you!!
* * * LOW HITPOINT WARNING * * *
You see here a bolt.
Huge Dmg: -12%(-22hp) hp: 9%(15hp)
A yaktaur captain is nearby!
Unknown command.
Casting: Stone Arrow
Confirm with . or Enter, or press ? or * to list all spells.
Aiming: Lee's Rapid Deconstruction
Press: ? - help, Dir - move target cursor The crystal wall shatters!
The blast of crystal shards hits the yaktaur captain.
The yaktaur captain is severely wounded.
Casting: Lee's Rapid Deconstruction
Confirm with . or Enter, or press ? or * to list all spells.
Aiming: Lee's Rapid Deconstruction
Press: ? - help, Dir - move target cursor The crystal wall shatters!
The yaktaur captain shoots a bolt.
The bolt hits you!
You die...

#.p#.#..,#.#.#.#∆ ,
{* #..,#. #..#.#
#...#.c.# * ,,*
..#,* #.X#..
.#.#.#, ∆ , ,#c#,#
#..#.# #.#..)# , ,
#D#.# #..#.#
.,#.#)#, , ,#.#.*,
#..#.#.#,#..)#, *
,*,#p.,* #..#.#.*
#.#.# ,*,* *{#c# *,
#..#.. #)#.# *
*,#,*,#†# * #..#.#
#.#.#@# *, ,#.*
#C#, #..#.# #.†)(.#
,* *.{,#)# {
#..#.#...#.#)# { *
* #.#.# {
#.)#.#.#.#.#.#,*∆*,
,#...# , #..{.#
.,#.#.(.#, #.#.#,*
#..#.#.# #.#.#.#∆*
,#.#.. *
#..#.#.#,.%#.#.#,,,
.,#.#. {
#..#...#,#.#.# #,
,*.# #.#.#,
#......# #...# ,
∆#.*,#.#,.,


You could see a yaktaur captain.

Vanquished Creatures
  the Royal Jelly (Slime:5)
  A greater mummy (Depths:2)
  Bai Suzhen (Spider:3)
  Saint Roka (Vaults:4)
  A golden dragon (Depths:3)
  Nikola (Vaults:3)
  Jory (Vaults:1)
  Arachne (Spider:3)
  Jorgrun (Spider:3)
  3 tentacled monstrosities
  4 liches
  A quicksilver dragon (Vaults:5)
  12 acid blobs
  2 deep elf blademasters (Elf:3)
  5 titans
  2 deep elf master archers (Elf:3)
  5 sphinxes
  4 shadow dragons
  Roxanne (D:15)
  4 azure jellies
  4 tengu reavers
  Donald (Orc:2)
  5 frost giants
  4 ghost moths
  3 imperial myrmidons (Desolation)
  10 fire giants
  A caustic shrike zombie (Depths:2)
  Ilsuiw (Shoals:4)
  An orc warlord (Vaults:5)
  4 deep elf sorcerers
  An iron dragon (Vaults:5)
  13 vault wardens
  4 emperor scorpions
  An angel (Depths:2)
  Aizul (Vaults:3)
  Louise (Spider:4)
  13 ironheart preservers
  A ghoul (Vaults:3)
  A war gargoyle (Vaults:5)
  7 deep elf elementalists
  2 spriggan defenders
  21 stone giants
  The ghost of vatarom the Grappler, a journeyman TrTm of Ashenzari (Lair:4)
  10 entropy weavers
  3 vampire knights
  8 very ugly things
  An entropy weaver (shapeshifter) (Depths:1)
  6 deep elf demonologists
  Azrael (Orc:2)
  8 deep elf annihilators
  3 spark wasps (Spider:4)
  3 halazid warlocks (Desolation)
  9 ettins
  9 fire dragons
  A white draconian (IceCv)
  6 death oozes (Slime:5)
  3 merfolk impalers
  Snorg (Lair:3)
  10 deep elf death magi
  3 merfolk javelineers
  10 rakshasas
  4 ragged hierophants (Desolation)
  5 deep elf high priests (Elf:3)
  12 great orbs of eyes
  16 ogre magi
  10 yaktaur captains
  5 servants of whispers (Desolation)
  31 vault guards
  A merfolk avatar (Shoals:3)
  3 hydras
  5 peacekeepers (Desolation)
  4 spriggan air magi
  7 death knights
  11 ice dragons
  13 centaur warriors
  The ghost of Monsterracer the Geomancer, a journeyman GrEE of Ashenzari (D:10)
  33 dancing weapons
  8 deep troll shamans
  8 satyrs
  2 merfolk aquamancers
  54 two-headed ogres
  An alligator (shapeshifter) (Depths:3)
  3 tengu warriors
  A death yak (IceCv)
  A hell hog (Depths:3)
  A vampire mage (Depths:2)
  9 spriggan berserkers
  10 deep troll earth magi
  A titan zombie (Depths:2)
  An orc high priest (Elf:1)
  31 deep elf knights
  A wretched star (Abyss:1)
  2 soul eaters
  20 skeletal warriors
  A storm dragon skeleton (Vaults:2)
  7 hell knights
  2 unseen horrors
  6 flayed ghosts
  8 iron trolls
  5 sea snakes
  A spark wasp zombie (Depths:2)
  A swamp dragon (shapeshifter) (Depths:2)
  A glowing orange brain (shapeshifter) (Depths:2)
  6 glowing orange brains
  23 deep elf archers
  A sea snake (shapeshifter) (Vaults:5)
  9 wizards
  2 phantasmal warriors (Vaults:3)
  24 deep trolls
  2 lindwurms (Lair:3)
  2 harpies (shapeshifter)
  23 ironbrand convokers
  23 orb spiders
  87 deep elf magi
  5 necromancers
  30 ugly things
  A tengu zombie (Depths:2)
  2 orc sorcerers
  A sphinx zombie (Depths:2)
  25 harpies
  4 shining eyes
  A shadow dragon skeleton (Depths:1)
  5 oklob plants
  A stone giant zombie (Depths:1)
  16 orc knights
  A fire giant zombie (Vaults:2)
  2 moths of wrath (shapeshifter)
  5 cyclopes
  A salamander (Depths:1)
  A sphinx skeleton (Vaults:2)
  2 tengu skeletons
  38 wolf spiders
  14 manticores
  16 fauns
  2 iron dragon zombies (Depths:2)
  5 moths of wrath
  2 elephants (shapeshifter)
  A rust devil (Depths:2)
  3 eyes of devastation (Slime:5)
  10 vault sentinels
  6 black mambas (Lair:6)
  An ice statue (IceCv)
  6 centaur zombies
  21 elephants
  Joseph (D:7)
  A black mamba (shapeshifter) (Depths:2)
  2 stone giant skeletons
  3 spiny frogs (shapeshifter)
  A water nymph (shapeshifter) (Depths:2)
  7 merfolk sirens
  5 guardian serpents
  A gargoyle (D:13)
  6 water nymphs
  A spriggan zombie (Depths:1)
  A storm dragon simulacrum (Depths:1)
  An elf zombie (Depths:2)
  The ghost of ThereIsNoGod the Digger, a novice DrEE of Vehumet (D:5)
  3 centaur skeletons
  5 rime drakes (Lair:6)
  A yaktaur zombie (Depths:1)
  47 yaktaurs
  22 spiny frogs
  9 freezing wraiths
  3 guardian mummies (Depths:2)
  15 demonic crawlers
  6 komodo dragons
  An ice devil (Abyss:1)
  15 trolls
  A meliai (shapeshifter) (Vaults:3)
  5 yaktaur skeletons
  2 tengu conjurers
  34 jumping spiders
  A golden dragon simulacrum (Depths:2)
  18 polar bears
  A queen bee (Lair:1)
  23 merfolk
  3 wind drakes
  46 saltlings (Desolation)
  31 hornets
  A jumping spider (shapeshifter) (D:15)
  3 blink frogs (Lair:6)
  74 slime creatures
  10 dream sheep
  5 hippogriffs
  A raiju (shapeshifter) (Depths:3)
  10 snapping turtles
  A deep troll skeleton (Depths:1)
  2 spriggans (shapeshifter)
  A spriggan skeleton (Depths:2)
  2 air elementals
  A fire giant simulacrum (Vaults:3)
  69 redbacks
  8 spriggans
  8 water elementals
  25 tarantellas
  73 yaks
  2 ettin skeletons
  5 wraiths
  5 golden eyes (Slime:1)
  A tarantella (shapeshifter) (Vaults:1)
  7 fire elementals
  13 wyverns
  2 basilisks
  A hog (shapeshifter) (Vaults:3)
  6 vampire mosquitoes
  3 hungry ghosts
  A steam dragon (Lair:6)
  A steam dragon (shapeshifter) (Depths:1)
  The ghost of ThereIsNoGod the Digger, an amateur DrEE (Sewer)
  2 basilisks (shapeshifter)
  A naga (shapeshifter) (Depths:1)
  A soldier ant (shapeshifter) (D:15)
  10 wargs
  A swamp worm (shapeshifter) (Vaults:5)
  14 hell hounds
  3 acid dragons
  8 porcupines
  A swamp drake (Lair:5)
  25 water moccasins
  A floating eye (Depths:4)
  37 orc warriors
  4 phantoms
  A black bear (shapeshifter) (D:15)
  5 ice beasts
  A black bear (Lair:2)
  58 ogres
  6 eyes of draining
  6 sky beasts
  An eye of draining (shapeshifter) (Depths:3)
  A necrophage (D:11)
  A wolf (shapeshifter) (Depths:1)
  31 wolves
  20 boggarts
  A boggart (shapeshifter) (Vaults:4)
  The ghost of ThereIsNoGod the Digger, an amateur DrEE (D:3)
  29 centaurs
  An elf skeleton (Vaults:2)
  12 crocodiles
  2 big kobolds (D:13)
  3 earth elementals
  17 bullfrogs
  A glowing shapeshifter simulacrum (Depths:1)
  4 human skeletons (Vaults:2)
  2 wyvern skeletons (D:14)
  4 scorpions
  29 killer bees
  8 wights
  A human simulacrum (Vaults:2)
  19 jellies
  6 electric eels
  6 howler monkeys
  2 crimson imps
  27 orc priests
  3 bullfrog skeletons
  10 hounds
  21 orc wizards
  Jessica (D:3)
  10 worker ants
  5 hell rats (Lair:5)
  A hound skeleton (D:8)
  A howler monkey zombie (D:5)
  5 mummies (Depths:2)
  A howler monkey skeleton (D:4)
  4 gnolls (D:9)
  22 adders
  2 river rats (D:5)
  6 shadow imps
  An ooze (D:7)
  3 adder skeletons
  5 worms
  2 dart slugs
  11 leopard geckos
  An orc (shapeshifter) (D:15)
  133 orcs
  5 giant cockroaches
  14 goblins
  11 hobgoblins
  17 jackals
  9 quokkas
  6 ball pythons
  A ball python zombie (D:5)
  10 bats
  11 frilled lizards
  2 goblin skeletons (D:6)
  A goblin zombie (D:6)
  2 hobgoblin zombies (D:6)
  A jackal skeleton (D:5)
  13 kobolds
  3 kobold zombies (D:6)
  5 orc skeletons (D:6)
  A quokka zombie (D:5)
  13 rats
  A spectral orc (D:2)
  2 crawling corpses (Elf:3)
  5 plants
2485 creatures vanquished.

Vanquished Creatures (others)
  A deep elf archer (Elf:3)
  A wolf spider (Spider:4)
  A black mamba (Lair:6)
  A flying skull (Abyss:1)
  A redback (Spider:3)
  A yak (IceCv)
  2 water elementals (Elf:3)
  An ogre (Vaults:5)
  2 wolves (IceCv)
  A centaur (D:11)
  An orc wizard (Orc:1)
  An orc (Vaults:5)
  2 crawling corpses (Elf:3)
  48 fungi
  57 plants
  8 toadstools (Lair:3)
129 creatures vanquished.

Grand Total: 2614 creatures vanquished

Notes
Turn   | Place    | Note
-------+----------+-------------------------------------------
     0 | D:1      | Monsterracer the Gargoyle Earth Elementalist began the quest for the Orb.
     0 | D:1      | Reached XP level 1. HP: 10/10 MP: 3/3
   114 | D:1      | HP: 5/10 [goblin/club (3)]
   352 | D:1      | Reached XP level 2. HP: 14/15 MP: 5/5
   424 | D:1      | Learned a level 2 spell: Passwall
   826 | D:2      | HP: 6/15 [leopard gecko (4)]
   827 | D:2      | Reached XP level 3. HP: 7/19 MP: 6/6
   834 | D:1      | Learned a level 3 spell: Stone Arrow
  1550 | D:2      | HP: 8/19 [orc/flail (6)]
  1556 | D:2      | HP: 4/19 [orc/flail (4)]
  1558 | D:2      | HP: 1/19 [orc/flail (3)]
  1588 | D:2      | HP: 8/28 [orc priest/divine providence (9)]
  1589 | D:2      | Reached skill level 5 in Earth Magic
  1589 | D:2      | Reached XP level 4. HP: 10/24 MP: 2/8
  2043 | D:2      | Found an opulent altar of Gozag.
  2440 | D:2      | Reached XP level 5. HP: 23/28 MP: 9/9
  2569 | D:2      | Found a basalt altar of Yredelemnul.
  2756 | D:2      | HP: 14/28 [orc/falchion (4)]
  2921 | D:2      | HP: 13/28 [orc/club (4)]
  3125 | D:3      | Found a stormy altar of Qazlal.
  3439 | D:3      | Noticed ThereIsNoGod's ghost (amateur DrEE)
  3459 | D:3      | Killed ThereIsNoGod's ghost
  3459 | D:3      | Reached skill level 1 in Conjurations
  3459 | D:3      | Reached XP level 6. HP: 24/32 MP: 0/11
  3466 | D:3      | Learned a level 5 spell: Lee's Rapid Deconstruction
  3636 | D:3      | Noticed Jessica
  3649 | D:3      | Killed Jessica
  4139 | D:3      | Reached skill level 2 in Conjurations
  4641 | D:4      | Found a shattered altar of Ashenzari.
  4650 | D:4      | Became a worshipper of Ashenzari the Shackled
  4820 | D:4      | HP: 15/32 [something/puff of flame (10)]
  4821 | D:4      | HP: 3/32 [something/magic dart (8)]
  5262 | D:4      | Reached XP level 7. HP: 36/37 MP: 11/13
  5566 | D:4      | Found Daylagg's Antique Armour Boutique.
  5622 | D:3      | HP: 17/37 [worker ant (6)]
  5898 | D:4      | Reached skill level 1 in Fighting
  6024 | D:4      | HP: 18/38 [quokka (3)]
  6211 | D:4      | Reached skill level 1 in Maces & Flails
  6272 | D:4      | Found a sacrificial altar of Ru.
  6324 | D:5      | Entered Level 5 of the Dungeon
  6329 | D:5      | Found a glowing drain.
  6334 | D:5      | Reached skill level 3 in Conjurations
  6440 | D:5      | Noticed ThereIsNoGod's ghost (novice DrEE)
  6444 | Sewer    | Entered a sewer
  6949 | Sewer    | Noticed ThereIsNoGod's ghost (amateur DrEE)
  7241 | Sewer    | Killed ThereIsNoGod's ghost
  7241 | Sewer    | Reached XP level 8. HP: 40/44 MP: 1/14
  8011 | D:5      | Found a hide-covered altar of Uskayaw.
  8048 | D:5      | Found a sacrificial altar of Ru.
  8061 | D:5      | Reached * piety under Ashenzari
  8197 | D:5      | Killed ThereIsNoGod's ghost
  8197 | D:5      | Reached skill level 4 in Conjurations
  8306 | D:5      | Found an iron altar of Okawaru.
  9130 | D:5      | Reached skill level 5 in Spellcasting
  9539 | D:6      | Found a staircase to the Ecumenical Temple.
  9572 | D:6      | Found a hazy altar of Hepliaklqana.
  9578 | D:6      | Reached ** piety under Ashenzari
  9597 | D:6      | Found a glowing golden altar of the Shining One.
  9645 | D:6      | Reached XP level 9. HP: 51/51 MP: 4/16
  9769 | D:6      | Found an ancient bone altar of Kikubaaqudgha.
  9772 | D:6      | Found a blossoming altar of Fedhas.
 10215 | D:6      | HP: 24/52 [orc priest/divine providence (11)]
 10221 | D:6      | HP: 19/52 [bullfrog (6)]
 10225 | D:6      | Found a shadowy altar of Dithmenos.
 10924 | D:7      | Found Qeeni's Gadget Boutique.
 10925 | D:7      | Identified the +2 robe of Resilience {Dex+4}
 11102 | D:7      | Found a bloodstained altar of Trog.
 11320 | D:7      | Found Taxuh's Distillery.
 11415 | D:7      | Found Seesm's Antique Weapon Boutique.
 11457 | D:7      | Reached skill level 5 in Conjurations
 11457 | D:7      | Reached skill level 10 in Earth Magic
 11457 | D:7      | HP: 23/52 [yak (7)]
 11624 | D:7      | HP: 20/52 [yak (9)]
 12090 | D:7      | Identified the +1 robe "Joloajos" {*Contam rPois rF- Str+9}
 12135 | D:7      | Found Fiwnoaro's Gadget Shoppe.
 12137 | D:7      | Reached *** piety under Ashenzari
 12161 | D:7      | Noticed Joseph
 12172 | D:7      | HP: 26/52 [Joseph/uncursed quarterstaff of speed (10)]
 12175 | D:7      | Killed Joseph
 12344 | D:7      | Found a burning altar of Makhleb.
 12355 | D:7      | Reached skill level 5 in Maces & Flails
 12404 | D:7      | HP: 25/52 [yak (12)]
 12406 | D:7      | Reached XP level 10. HP: 19/58 MP: 2/18
 13071 | D:8      | Found Sixkelo's General Store.
 13244 | D:8      | Reached skill level 5 in Fighting
 13721 | D:9      | Gained mutation: Your large and strong wings let you fly indefinitely. [mutagenic meat]
 13722 | D:9      | Gained mutation: Your flesh is cold resistant. (rC+) [mutagenic meat]
 14188 | D:9      | Reached skill level 6 in Conjurations
 14574 | D:9      | Reached **** piety under Ashenzari
 14581 | D:9      | Reached skill level 1 in Armour
 14591 | D:9      | HP: 27/59 [orc wizard/puff of flame (6)]
 15196 | D:9      | Identified the +2 mace of Cuguce {crush, rPois}
 15670 | D:10     | Entered Level 10 of the Dungeon
 15709 | D:10     | Noticed Monsterracer's ghost (journeyman GrEE)
 15711 | D:10     | HP: 26/59 [Monsterracer's ghost/Lee's Rapid Deconstruction (14)]
 15750 | D:10     | HP: 29/59 [scorpion (4)]
 16193 | D:10     | HP: 9/59 [Monsterracer's ghost/stone arrow (24)]
 16204 | D:10     | HP: 6/59 [orc warrior/tomahawk (5)]
 16210 | D:10     | Paralysed by an orc priest for 6 turns
 16222 | D:10     | Found a staircase to the Orcish Mines.
 16235 | D:10     | HP: 45/90 [adder (2)]
 16385 | D:10     | Reached skill level 1 in Shields
 16451 | D:10     | Reached XP level 11. HP: 64/64 MP: 4/20
 16558 | D:10     | Killed Monsterracer's ghost
 16878 | D:11     | Identified the Reference Book on Unstable Beguiling
 16970 | D:11     | Noticed a red ugly thing
 16976 | D:11     | Killed a red ugly thing
 17221 | D:11     | Reached skill level 7 in Conjurations
 17310 | D:11     | Found a staircase to the Lair.
 17323 | D:11     | Found Senoug's Weapon Shoppe.
 17485 | D:11     | Noticed an unseen horror
 17491 | D:11     | Killed an unseen horror
 18115 | Lair:1   | Entered Level 1 of the Lair of Beasts
 18632 | Lair:1   | Found a basalt altar of Yredelemnul.
 18634 | Lair:1   | Reached ***** piety under Ashenzari
 18931 | Lair:1   | Reached XP level 12. HP: 71/71 MP: 11/22
 19394 | Lair:1   | Reached skill level 5 in Armour
 19845 | Lair:2   | Found a white marble altar of Elyvilon.
 20656 | Lair:2   | Found a staircase to the Shoals.
 21013 | Lair:2   | Identified the amulet of Turae {Gourm Dex+3}
 21121 | Lair:2   | HP: 29/72 [acid (16)]
 21122 | Lair:2   | HP: 6/72 [acid (15)]
 21190 | Lair:2   | HP: 18/72 [polar bear (3)]
 21971 | Lair:2   | Reached skill level 5 in Dodging
 22443 | Lair:3   | Noticed Snorg
 22704 | Lair:2   | Reached XP level 13. HP: 69/78 MP: 12/25
 23062 | Lair:3   | Killed Snorg
 23230 | Lair:3   | Learned a level 1 spell: Apportation
 23363 | Lair:3   | HP: 35/78 [seven-headed hydra (9)]
 23763 | Lair:3   | Found a runed door.
 24601 | Lair:4   | Noticed vatarom's ghost (journeyman TrTm)
 24624 | Lair:4   | HP: 17/79 [vatarom's ghost (24)]
 24982 | Lair:4   | HP: 39/79 [vatarom's ghost (23)]
 24983 | Lair:4   | HP: 15/79 [vatarom's ghost (24)]
 25289 | Lair:4   | Reached skill level 1 in Translocations
 25483 | Lair:4   | Killed vatarom's ghost
 25626 | Lair:4   | Found a hole to the Spider Nest.
 25843 | Lair:3   | HP: 38/80 [crocodile (12)]
 26217 | Lair:4   | HP: 39/80 [elephant (3)]
 26227 | Lair:4   | HP: 20/80 [elephant (12)]
 27035 | Lair:5   | Found a staircase to the Slime Pits.
 27482 | Lair:5   | Reached ****** piety under Ashenzari
 27744 | Lair:5   | Reached skill level 10 in Fighting
 27965 | Lair:5   | Mutation became permanent: Your large and strong wings let you fly indefinitely. [Gargoyle growth]
 27965 | Lair:5   | Gained mutation: Your large and strong wings let you fly indefinitely. [Gargoyle growth]
 27965 | Lair:5   | Reached XP level 14. HP: 88/88 MP: 5/26
 28142 | Lair:6   | Entered Level 6 of the Lair of Beasts
 30279 | Lair:6   | Reached skill level 15 in Earth Magic
 31988 | D:4      | Bought a cloak for 135 gold pieces
 31988 | D:4      | Bought a spiked chain mail for 285 gold pieces
 31988 | D:4      | Identified the cursed +0 chain mail "Qaits" {*Contam rPois Regen+ Str+5} (You bought it in a shop on level 4 of the Dungeon)
 32167 | D:11     | Bought a +1 flail of protection for 168 gold pieces
 32204 | Orc:1    | Entered Level 1 of the Orcish Mines
 33384 | Orc:2    | Entered Level 2 of the Orcish Mines
 33933 | Orc:2    | Found a staircase to the Elven Halls.
 33939 | Orc:2    | Found Geaddoed's Jewellery Emporium.
 33956 | Orc:2    | Reached skill level 10 in Maces & Flails
 34661 | Orc:2    | Reached XP level 15. HP: 96/96 MP: 0/28
 34675 | Orc:2    | Paralysed by an ogre mage for 2 turns
 34682 | Orc:1    | Paralysed by an ogre mage for 6 turns
 34688 | Orc:1    | HP: 40/96 [deep troll (9)]
 34702 | Orc:1    | HP: 35/96 [deep troll (8)]
 34747 | Orc:1    | HP: 33/96 [deep troll (7)]
 34829 | Orc:1    | HP: 45/96 [deep troll (9)]
 35076 | Orc:2    | Paralysed by an ogre mage for 7 turns
 35301 | Orc:2    | Found Galehuat's Assorted Antiques.
 35325 | Orc:2    | Found Sita's Weapon Emporium.
 35597 | Orc:2    | Found Pisugekk's Gadget Shoppe.
 35621 | Orc:2    | Bought a scratched bone ring for 170 gold pieces
 35653 | Orc:2    | Noticed Donald
 35675 | Orc:2    | HP: 34/96 [Donald/long sword (18)]
 35681 | Orc:2    | HP: 20/144 [Donald/long sword (6)]
 35684 | Orc:2    | HP: 7/144 [Donald/long sword (14)]
 36079 | Orc:2    | HP: 44/96 [Donald/long sword (12)]
 36080 | Orc:2    | Killed Donald
 36085 | Orc:2    | HP: 41/96 [ogre/giant club (4)]
 36240 | Orc:2    | Noticed Azrael
 36650 | Orc:2    | Killed Azrael
 37240 | D:12     | HP: 43/96 [??? (10)]
 37246 | D:12     | HP: 31/96 [??? (6)]
 37971 | D:13     | Found a shimmering altar of Xom.
 37977 | D:13     | Found a large runed door.
 37978 | D:13     | Found a large runed door.
 38436 | D:12     | HP: 34/96 [skeletal warrior/glaive (20)]
 40187 | D:13     | Found a gate to the Vaults.
 40606 | D:13     | Found a portal to a secret trove of treasure.
 40746 | D:14     | Gained mutation: You are robust. (+10% HP) [mutagenic meat]
 41032 | D:14     | Found a hazy altar of Hepliaklqana.
 41068 | D:14     | Reached XP level 16. HP: 111/111 MP: 13/29
 41084 | D:14     | Found a shattered altar of Ashenzari.
 41615 | D:15     | Entered Level 15 of the Dungeon
 41669 | D:15     | Found a frozen archway.
 41764 | IceCv    | Entered an ice cave
 42387 | IceCv    | Reached skill level 15 in Maces & Flails
 43188 | D:15     | Noticed Roxanne
 43232 | D:15     | HP: 47/113 [Roxanne/crystal spear (66)]
 43361 | D:15     | Killed Roxanne
 43393 | D:15     | Identified Roxanne's Handbook of Transformation (You took it off Roxanne on level 15 of the Dungeon)
 43402 | D:15     | Learned a level 5 spell: Irradiate
 43635 | D:15     | Reached skill level 1 in Transmutations
 43635 | D:15     | Reached skill level 10 in Armour
 43889 | D:15     | Reached skill level 10 in Spellcasting
 44673 | D:15     | Found a staircase to the Depths.
 45152 | Spider:1 | Entered Level 1 of the Spider Nest
 45164 | Spider:1 | Reached skill level 8 in Conjurations
 45632 | Spider:1 | Reached XP level 17. HP: 108/119 MP: 31/31
 45797 | Spider:1 | HP: 37/119 [disintegration (46)]
 45803 | Spider:1 | HP: 27/119 [disintegration (11)]
 45996 | Spider:1 | Identified the ring of Suspected Treachery {Wiz *Corrode rF+ rN++ Str+2 Dex+2}
 47469 | Spider:3 | Noticed Bai Suzhen
 47498 | Spider:3 | Killed Bai Suzhen
 47499 | Spider:3 | Noticed Jorgrun
 47690 | Spider:3 | Killed Jorgrun
 47835 | Spider:3 | Noticed Arachne
 47855 | Spider:3 | Killed Arachne
 48096 | Spider:3 | Identified the ring "Wyluusm" {*Slow rC+ rN+ Dex+3}
 48859 | Spider:3 | Reached skill level 9 in Conjurations
 49861 | Spider:4 | Entered Level 4 of the Spider Nest
 49868 | Spider:4 | HP: 57/123 [wolf spider (7)]
 50099 | Spider:4 | Noticed Louise
 50103 | Spider:3 | Reached XP level 18. HP: 105/129 MP: 26/32
 50236 | Spider:4 | Killed Louise
 50470 | Spider:4 | Reached skill level 15 in Fighting
 50652 | Spider:4 | Identified the ring "Udeoc Xoa" {Str+6 Dex+3}
 51692 | Spider:4 | Reached skill level 5 in Transmutations
 52028 | Spider:4 | Reached skill level 10 in Conjurations
 52466 | Spider:4 | Got a gossamer rune of Zot
 53104 | Shoals:1 | Entered Level 1 of the Shoals
 53104 | Shoals:1 | Identified the +2 leather armour of Beimnul {Regen+ Str+3}
 53668 | Shoals:1 | Identified the +5 scale mail "Kogozo" {-Cast rN+ Int+3}
 54576 | Shoals:2 | Found Yzanwof's Distillery.
 55566 | Shoals:2 | HP: 64/132 [water nymph/the raging water (10)]
 56775 | Shoals:3 | Reached XP level 19. HP: 112/139 MP: 12/33
 56924 | Shoals:3 | Lost mutation: You are robust. (+10% HP) [mutagenic glow]
 57533 | Shoals:4 | Entered Level 4 of the Shoals
 57550 | Shoals:4 | Reached skill level 11 in Conjurations
 57559 | Shoals:4 | HP: 56/127 [harpy (10)]
 57564 | Shoals:4 | HP: 37/127 [harpy (4)]
 57874 | Vaults:1 | Entered Level 1 of the Vaults
 58025 | Vaults:1 | Identified the ring "Macouce" {Ice Dex+7 Slay+3}
 59381 | Vaults:1 | Identified the +7 whip of Saetedad {slash, rF++ Int-5}
 59448 | Vaults:1 | Gained mutation: You have a pair of small antennae on your head. [mutagenic meat]
 59450 | Vaults:1 | Gained mutation: Your body sometimes deteriorates upon taking damage. [mutagenic meat]
 59451 | Vaults:1 | Lost mutation: Your flesh is cold resistant. (rC+) [potion of mutation]
 59451 | Vaults:1 | Lost mutation: You have a pair of small antennae on your head. [potion of mutation]
 59451 | Vaults:1 | Lost mutation: Your body sometimes deteriorates upon taking damage. [potion of mutation]
 59451 | Vaults:1 | Gained mutation: You are resistant to hostile enchantments. (MR+) [potion of mutation]
 59451 | Vaults:1 | Gained mutation: You are partially covered in icy blue scales. (AC +2) [potion of mutation]
 59765 | Vaults:1 | Learned a level 6 spell: Bolt of Fire
 60124 | Vaults:2 | Noticed Jory
 60126 | Vaults:2 | Reached skill level 1 in Fire Magic
 60144 | Vaults:1 | HP: 58/128 [Jory/crystal spear (24)]
 60840 | Vaults:2 | Reached skill level 5 in Fire Magic
 61240 | Vaults:2 | Reached XP level 20. HP: 105/135 MP: 28/34
 62081 | Vaults:2 | Reached skill level 12 in Conjurations
 62738 | Vaults:2 | Found a staircase to the Crypt.
 63262 | Vaults:2 | Reached skill level 13 in Conjurations
 63272 | Vaults:3 | Identified the ring "Asterch" {MR+ Dex+2 Stlth-}
 63982 | Vaults:3 | Reached XP level 21. HP: 112/142 MP: 16/35
 64342 | Vaults:3 | Noticed Nikola
 64344 | Vaults:3 | Learned a level 1 spell: Summon Butterflies
 64351 | Vaults:3 | Killed Nikola
 64351 | Vaults:3 | Reached skill level 14 in Conjurations
 64356 | Vaults:3 | Noticed Aizul
 64382 | Vaults:3 | HP: 70/142 [Aizul (25)]
 64383 | Vaults:3 | Reached skill level 1 in Summonings
 64383 | Vaults:3 | Killed Aizul
 65457 | Vaults:4 | Found a ruined gateway.
 65472 | Desolati | Entered the Desolation of Salt
 65617 | Desolati | Identified the cursed +3 hand axe "Rebbiaqa" {drain, rF+ rC+ rN+ Int-4}
 65619 | Desolati | Identified the +1 ring mail of Sasunk {rPois rCorr Dex-5}
 65629 | Desolati | Identified the ring of Dynorec {rCorr Str+3}
 65833 | Desolati | Cast into level 1 of the Abyss (ragged hierophant)
 65930 | Desolati | Escaped the Abyss
 66177 | Desolati | Reached skill level 15 in Conjurations
 66194 | Desolati | Identified the +3 leather armour of the Moon Troll {Dex+2}
 66326 | Desolati | Identified the Reference Book on the Entourage
 66343 | Desolati | Identified the amulet "Rih Zuh" {Gourm Dex+5}
 66404 | Desolati | HP: 71/144 [saltling (7)]
 66407 | Desolati | HP: 31/144 [servant of whispers/bolt of lightning (9)]
 66717 | Desolati | Identified the ring of Enenic {rElec MR+ Stlth+}
 66717 | Desolati | Identified the amulet of Geocaf {Regen+ Dex+3 Stlth+}
 66897 | Vaults:4 | Noticed Saint Roka
 66907 | Vaults:4 | Killed Saint Roka
 67406 | Vaults:4 | Found Pyczima's Weapon Shoppe.
 67663 | Vaults:4 | Reached XP level 22. HP: 140/151 MP: 37/37
 68373 | Vaults:4 | Reached skill level 16 in Conjurations
 68503 | Vaults:4 | Identified the +3 chain mail "Zeomith" {MR- Str+6 Int+8}
 68570 | Vaults:4 | Identified the cursed +1 lajatang of the Revolution {vamp, MR+}
 68570 | Vaults:4 | Identified the +6 scimitar "Syeder" {flame, rElec} (You found it on level 4 of the Spider Nest)
 68851 | Vaults:5 | Entered Level 5 of the Vaults
 69237 | Vaults:1 | Killed Jory
 69413 | Shoals:4 | HP: 66/152 [snapping turtle (16)]
 69582 | Shoals:4 | Noticed Ilsuiw
 69841 | Shoals:4 | Killed Ilsuiw
 70158 | Shoals:4 | Got a barnacled rune of Zot
 70409 | Depths:1 | Entered Level 1 of the Depths
 70754 | Depths:1 | HP: 61/153 [stone giant/large rock (17)]
 70903 | Depths:1 | Reached skill level 17 in Conjurations
 71473 | Depths:1 | Reached XP level 23. HP: 125/159 MP: 14/39
 71506 | Depths:1 | HP: 73/159 [stone giant (12)]
 71511 | Depths:1 | HP: 57/159 [yaktaur/bolt (17)]
 71925 | Depths:1 | Identified the Grimoire of Virous Transmutation
 72098 | Depths:1 | Found a one-way gate leading to the halls of Pandemonium.
 72110 | Depths:1 | Found a corrupted altar of Lugonu.
 72116 | Depths:1 | Found Adumaq's Gadget Shop.
 72117 | Depths:1 | Found Icsah's Jewellery Emporium.
 72118 | Depths:1 | Found Unlaor's Gadget Shop.
 72170 | Depths:1 | Found a gateway to Hell.
 72331 | Depths:1 | Reduced skill Dodging to level 5
 72331 | Depths:1 | Reached skill level 18 in Conjurations
 72694 | Depths:1 | Reached skill level 19 in Conjurations
 72718 | Depths:1 | Reduced skill Dodging to level 1
 73128 | Depths:2 | Found a gateway to a ziggurat.
 73155 | Depths:2 | HP: 80/160 [iron troll (4)]
 74001 | Depths:2 | Noticed a greater mummy
 74008 | Depths:2 | HP: 74/160 [greater mummy/divine providence (12)]
 74009 | Depths:2 | Killed a greater mummy
 74013 | Depths:2 | HP: 57/160 [centaur/arrow[a centaur warrior] (12)]
 74022 | Depths:2 | HP: 56/160 [centaur warrior (3)]
 74810 | Depths:2 | Reached skill level 20 in Conjurations
 75268 | Depths:3 | HP: 64/160 [white very ugly thing (39)]
 75277 | Depths:3 | HP: 51/160 [fire giant/fireball (2)]
 75277 | Depths:3 | HP: 20/160 [fire dragon/blast of flame (31)]
 75295 | Depths:3 | Gained mutation: You tend to lose your temper in combat. [mutagenic glow]
 76158 | Depths:2 | HP: 72/160 [stone giant (22)]
 76488 | Depths:2 | Reached XP level 24. HP: 135/167 MP: 24/40
 76977 | Depths:3 | Reached skill level 21 in Conjurations
 77118 | Depths:3 | HP: 81/168 [spriggan berserker/morningstar (6)]
 77313 | Depths:2 | Reached skill level 1 in Dodging
 77962 | Depths:3 | Identified the cursed +0 leather armour of Agnosticism {rN+ rCorr Int-2 Dex+4}
 78536 | Depths:3 | Reached skill level 5 in Dodging
 78867 | Depths:4 | Found a one-way gate to the infinite horrors of the Abyss.
 79210 | Elf:1    | Entered Level 1 of the Elven Halls
 79344 | Elf:1    | HP: 83/168 [deep elf archer/arrow (11)]
 79439 | Elf:1    | Identified the Handbook of Creation
 79447 | Elf:1    | Learned a level 5 spell: Aura of Abjuration
 79454 | Elf:1    | Learned a level 6 spell: Shadow Creatures
 79722 | Elf:1    | Found Unatugga's Magic Scroll Emporium.
 79725 | Elf:1    | Bought a scroll of remove curse for 45 gold pieces
 79725 | Elf:1    | Bought a scroll of remove curse for 45 gold pieces
 79725 | Elf:1    | Bought a scroll of remove curse for 45 gold pieces
 79771 | Elf:1    | Identified the ring "Xosumpaol" {rCorr Int+7}
 80846 | Elf:2    | Identified the Reference Book on the Glacier and Contamination
 81036 | Elf:2    | Found a runed gate.
 81036 | Elf:2    | Found a runed gate.
 81037 | Elf:2    | Found a runed gate.
 81664 | Elf:2    | Reached XP level 25. HP: 105/173 MP: 31/41
 82432 | Elf:3    | Entered Level 3 of the Elven Halls
 82454 | Elf:3    | HP: 86/173 [deep elf knight/uncursed long sword of slicing (1)]
 82883 | Elf:3    | Found a radiant altar of Vehumet.
 83536 | Elf:3    | HP: 75/173 [deep elf master archer/arrow (21)]
 84165 | Elf:3    | Reached skill level 22 in Conjurations
 84168 | Elf:3    | Identified the ring of Satyriasis {rC+ Dex+3} (You took it off a deep elf high priest on level 3 of the Elven Halls)
 84181 | Elf:3    | HP: 81/173 [deep elf knight/stone arrow (37)]
 84203 | Elf:3    | HP: 73/173 [ice beast[a deep elf mage] (14)]
 84220 | Elf:3    | HP: 58/173 [deep elf knight/shard of ice (21)]
 84226 | Elf:3    | HP: 56/173 [deep elf knight/shard of ice (5)]
 84841 | Elf:3    | Identified the +1 robe "Cumn" {rN+ Dex+8 Stlth+}
 84853 | Elf:3    | Identified the ring of Zyushroho {Wiz Int+4} (You took it off a deep elf elementalist on level 3 of the Elven Halls)
 85067 | Elf:3    | Identified the amulet of Koiwn {Faith *Slow rPois MR+++ Dex-5} (You took it off a deep elf mage on level 3 of the Elven Halls)
 85067 | Elf:3    | Identified the +7 glaive "Fyolius" {chop, Fragile rPois Str+3 Dex+3} (You took it off a deep elf mage on level 3 of the Elven Halls)
 85245 | Elf:3    | Identified the cursed +0 cloak of the Abyss {rPois MR+}
 85247 | Elf:3    | Identified the Almanac of Clay and the Birds
 85252 | Elf:3    | Learned a level 2 spell: Swiftness
 85259 | Elf:3    | Identified the Collected Works on Mutagenic Poisoning
 85277 | Elf:3    | Identified Dampoc's Incunabulum of Supportive Intoxication
 85853 | Slime:1  | Entered Level 1 of the Pits of Slime
 85953 | Slime:1  | Reached skill level 1 in Air Magic
 85955 | Slime:1  | Reached skill level 5 in Summonings
 86133 | Slime:2  | HP: 84/173 [acid (7)]
 86401 | Slime:3  | HP: 86/173 [large slime creature (20)]
 86634 | Slime:3  | Gained mutation: Potions are less effective at restoring your health. [a shining eye]
 86639 | Slime:3  | Reached skill level 5 in Shields
 86964 | Slime:5  | Entered Level 5 of the Pits of Slime
 87207 | Slime:5  | Found a viscous altar of Jiyva.
 87208 | Slime:5  | Noticed the Royal Jelly
 87217 | Slime:5  | Killed the Royal Jelly
 87217 | Slime:5  | Gained mutation: You do not regenerate when monsters are visible. [a shining eye]
 87232 | Slime:5  | HP: 86/173 [acid (2)]
 87234 | Slime:5  | Reached XP level 26. HP: 68/180 MP: 0/41
 87438 | Slime:5  | Identified the +6 war axe of Vantus {protect, rPois rF+ Str+2}
 87439 | Slime:5  | Identified the ring of the Traitor {+Fly rC+ Slay+2}
 87441 | Slime:5  | Identified the cursed +2 hunting sling "Goblinslayer" {venom, Int+3}
 87494 | Slime:5  | Got a slimy rune of Zot
 87576 | Slime:5  | Reached skill level 15 in Spellcasting
 87596 | Slime:5  | Learned a level 5 spell: Fireball
 88095 | Vaults:4 | Lost mutation: You are partially covered in icy blue scales. (AC +2) [potion of mutation]
 88095 | Vaults:4 | Lost mutation: You do not regenerate when monsters are visible. [potion of mutation]
 88095 | Vaults:4 | Gained mutation: You have a pair of small antennae on your head. [potion of mutation]
 88095 | Vaults:4 | Gained mutation: You are robust. (+10% HP) [potion of mutation]
 88096 | Vaults:4 | Lost mutation: You tend to lose your temper in combat. [potion of mutation]
 88096 | Vaults:4 | Lost mutation: You are resistant to hostile enchantments. (MR+) [potion of mutation]
 88096 | Vaults:4 | Gained mutation: You are agile. (Dex +2) [potion of mutation]
 88096 | Vaults:4 | Lost mutation: You are agile. (Dex +2) [potion of mutation]
 88096 | Vaults:4 | Gained mutation: Your mind is acute. (Int +2) [potion of mutation]
 88097 | Vaults:4 | Lost mutation: Potions are less effective at restoring your health. [potion of mutation]
 88097 | Vaults:4 | Lost mutation: Your mind is acute. (Int +2) [potion of mutation]
 88097 | Vaults:4 | Lost mutation: You have a pair of small antennae on your head. [potion of mutation]
 88097 | Vaults:4 | Lost mutation: You are robust. (+10% HP) [potion of mutation]
 88097 | Vaults:4 | Gained mutation: Your spells are a little harder to cast, but a little more powerful. [potion of mutation]
 88097 | Vaults:4 | Gained mutation: You have large cloven feet. [potion of mutation]
 88097 | Vaults:4 | Gained mutation: Your flesh is heat resistant. (rF+) [potion of mutation]
 88124 | Vaults:5 | HP: 79/180 [quicksilver dragon/bolt of dispelling energy (24)]
 88139 | Vaults:5 | HP: 76/180 [ettin/dire flail (1)]
 88156 | Vaults:5 | HP: 77/180 [titan/the air (6)]
 88159 | Vaults:5 | HP: 35/180 [titan/the air (43)]
 88173 | Vaults:5 | Got a silver rune of Zot
 88223 | Vaults:5 | HP: 81/180 [vault warden/great mace of protection (15)]
 88239 | Vaults:5 | HP: 77/180 [titan/bolt of lightning (10)]
 88244 | Vaults:5 | HP: 52/180 [titan (27)]
 88257 | Vaults:5 | Reached skill level 23 in Conjurations
 88612 | Vaults:5 | Paralysed by a great orb of eyes for 6 turns
 88879 | Vaults:5 | HP: 84/180 [tengu reaver/battleaxe of electrocution (11)]
 88890 | Vaults:5 | HP: 85/180 [vault guard/war axe of pain (2)]
 88898 | Vaults:5 | HP: 86/180 [tentacled monstrosity (2)]
 89001 | Vaults:5 | HP: 85/181 [yaktaur captain (15)]
 89028 | Vaults:5 | HP: 64/181 [stone giant/large rock (32)]
 89035 | Vaults:5 | HP: 47/181 [stone giant (17)]
 89070 | Vaults:5 | HP: 19/181 [stone giant/large rock (21)]
 89091 | Vaults:5 | HP: 37/181 [frost giant/battleaxe of freezing (8)]
 89151 | Vaults:5 | HP: 39/181 [tengu reaver/bolt of magma (20)]
 89158 | Vaults:5 | HP: 53/181 [tengu reaver/war axe (4)]
 89160 | Vaults:5 | HP: 14/181 [yaktaur captain/bolt (29)]
 89164 | Vaults:5 | HP: 6/181 [fire giant/bolt of fire (20)]
 89210 | Vaults:5 | HP: 58/181 [titan/the air (1)]
 89221 | Vaults:5 | HP: 39/181 [yaktaur/bolt[a yaktaur captain] (14)]
 89226 | Vaults:5 | HP: 32/181 [yaktaur[a yaktaur captain] (9)]
 89231 | Vaults:5 | HP: 26/181 [tentacled monstrosity (8)]
 89236 | Vaults:5 | HP: 17/181 [tentacled monstrosity (4)]
 89241 | Vaults:5 | HP: 18/181 [tentacled monstrosity (9)]
 89246 | Vaults:5 | HP: 44/271 [iron dragon (4)]
 89251 | Vaults:5 | HP: 44/271 [iron dragon (1)]
 89253 | Vaults:5 | Reached skill level 10 in Fire Magic
 89257 | Vaults:5 | HP: 27/181 [stone giant (4)]
 89261 | Vaults:5 | HP: 12/181 [stone giant (13)]
 89261 | Vaults:5 | HP: 5/181 [frost giant/bolt of cold (7)]
 89267 | Vaults:5 | HP: 22/181 [frost giant/bolt of cold (16)]
 89315 | Vaults:5 | HP: 15/181 [yaktaur captain/bolt (23)]
 89317 | Vaults:5 | Shot with a bolt by a yaktaur captain

Skill      XL: |  1  2  3  4  5  6  7  8  9 10 11 12 13 14 15 16 17 18 19 20 21 22 23 24 25 26 |
---------------+-------------------------------------------------------------------------------+-----
Earth Magic    | 4 5 6 7 8 9 10 11 12 13 14 15 16 17 18 | 18.2
Spellcasting   | 3 4 5 6 7 8 9 10 11 12 13 14 15 | 15.4
Conjurations   | 1 2 3 4 5 6 7 8 9 10 11 13 15 17 20 21 22 23 | 23.4
Fighting       | 2 3 4 5 6 7 10 11 12 13 14 16 17 18 19 20 21 22 | 22.9
Maces & Flails | 1 3 5 7 8 9 10 13 15 16 | 16.1
Dodging        | 2 3 4 5 6 7 0 6 8 |  8.0
Armour         | 2 4 6 7 9 10 11 | 11.5
Shields        | 1 2 6 7 |  7.9
Translocations | 1 |  1.0
Transmutations | 2 4 5 |  5.5
Fire Magic     | 6 9 10 | 10.0
Summonings     | 1 3 5 |  5.5
Air Magic      | 3 |  3.0
Stealth        | 3 |  3.5

Action                   |  1- 3 |  4- 6 |  7- 9 | 10-12 | 13-15 | 16-18 | 19-21 | 22-24 | 25-27 || total
-------------------------+-------+-------+-------+-------+-------+-------+-------+-------+-------++-------
Melee: Mace              |   116 |    35 |     7 |       |       |       |       |       |       ||   158
       Flail             |       |   109 |   468 |   351 |  1058 |   217 |       |       |       ||  2203
       Quarterstaff      |       |   104 |       |       |       |       |       |       |       ||   104
       Morningstar       |       |       |       |       |       |   973 |   148 |       |       ||  1121
       Great mace        |       |       |       |       |       |       |   894 |  1260 |   586 ||  2740
 Cast: Sandblast         |    15 |    25 |    44 |    29 |    53 |     3 |       |       |       ||   169
       Stone Arrow       |     2 |     9 |    64 |   153 |   561 |   371 |    90 |    47 |    46 ||  1343
       Lee's Rapid Decon |       |     3 |    10 |    71 |    86 |    88 |   137 |    44 |    43 ||   482
       Passwall          |       |       |       |     2 |       |     1 |       |       |       ||     3
       Irradiate         |       |       |       |       |       |    41 |    35 |    87 |    25 ||   188
       Bolt of Fire      |       |       |       |       |       |       |    30 |    79 |    59 ||   168
       Summon Butterflie |       |       |       |       |       |       |       |       |     3 ||     3
       Aura of Abjuratio |       |       |       |       |       |       |       |       |     3 ||     3
       Swiftness         |       |       |       |       |       |       |       |       |     1 ||     1
Invok: Curse Item        |       |     2 |     1 |     3 |     1 |     2 |     1 |     1 |     1 ||    12
       Transfer Knowledg |       |       |       |       |       |       |       |     2 |       ||     2
 Abil: Fly               |       |       |       |     1 |       |     1 |       |       |       ||     2
       Stop Flying       |       |       |       |       |       |     1 |       |       |       ||     1
Evoke: Wand              |       |       |       |       |     1 |       |       |       |     3 ||     4
  Use: Potion            |     2 |       |       |     2 |     2 |       |     1 |     3 |    19 ||    29
       Scroll            |       |     3 |     8 |    14 |    12 |     5 |     8 |     6 |     8 ||    64
 Stab: Sleeping          |     3 |     7 |     4 |     2 |       |       |       |       |       ||    16
  Eat: Chunk             |     2 |    13 |    25 |    32 |    82 |    54 |    54 |    44 |    12 ||   318
       Bread ration      |       |       |     2 |     5 |       |       |     1 |     2 |       ||    10
       Fruit             |       |       |     3 |       |       |     7 |     5 |       |     4 ||    19
       Royal jelly       |       |       |       |       |       |     1 |     1 |     2 |     4 ||     8
Armor: Robe              |    59 |   125 |       |       |       |       |       |       |       ||   184
       Skin              |    25 |       |       |       |       |       |       |       |       ||    25
       Leather armour    |       |       |   261 |    67 |       |       |       |       |       ||   328
       Ring mail         |       |       |       |   175 |   684 |       |       |       |       ||   859
       Chain mail        |       |       |       |       |     9 |  1670 |   897 |  1442 |   600 ||  4618
Dodge: Dodged            |    89 |   224 |   372 |   292 |  1013 |   787 |   525 |   643 |   313 ||  4258
Block: Buckler           |       |       |       |    53 |   347 |   352 |    41 |       |       ||   793
